SR
CANONNIERS DE QUEBEC @ FLINT CRUSH
08/19/2042
 
TOP OF THE 1ST
Canonniers de Quebec batting - Pitching for Flint Crush : RHP Todd Montgomery
Pitching: RHP Todd Montgomery
Batting: RHB Ludwig Mangin 0-0: Ball
1-0: Swinging Strike
1-1: Foul Ball, location: 2F
1-2: Foul Ball, location: 2F
1-2: Foul Ball, location: 2F
1-2: Foul Ball, location: 2F
1-2: Strikes out swinging
Batting: RHB Manny Costello 0-0: Ball
1-0: Called Strike
1-1: Ball
2-1: Ball
3-1: Foul Ball, location: 2F
3-2: Strikes out swinging
Batting: RHB Luis Manuel Pérez 0-0: Called Strike
0-1: Swinging Strike
0-2: Strikes out swinging
Top of the 1st over - 0 runs, 0 hits, 0 errors, 0 left on base; Canonniers de Quebec 0 - Flint 0
BOTTOM OF THE 1ST
Flint Crush batting - Pitching for Canonniers de Quebec : LHP Anthony Dixon
Pitching: LHP Anthony Dixon
Batting: RHB Tony Silva 0-0: Swinging Strike
0-1: Foul Ball, location: 2F
0-2: Foul Ball, location: 2F
0-2: Ball
1-2: Foul Ball, location: 2F
1-2: Ball
2-2: Ball
3-2: DOUBLE (Groundball, 5L, EV 105.6 MPH)
Batting: RHB Jason Conway 0-0: Ball
Wild Pitch!
Tony Silva to third
1-0: SINGLE (Line Drive, 8RS, EV 95.0 MPH)
Tony Silva scores
Batting: RHB Carlos Núñez 0-0: Called Strike
0-1: Grounds into double play, 6-4-3 (Groundball, 6S, EV 90.6 MPH)
Batting: RHB Aimo Joenlahti 0-0: Called Strike
0-1: Ball
1-1: Ball
2-1: Fly out, F9 (Flyball, 9D, EV 95.0 MPH)
Bottom of the 1st over - 1 run, 2 hits, 0 errors, 0 left on base; Canonniers de Quebec 0 - Flint 1
TOP OF THE 2ND
Canonniers de Quebec batting - Pitching for Flint Crush : RHP Todd Montgomery
Batting: LHB Tomás Gutiérrez 0-0: SINGLE (Line Drive, 6M, EV 101.2 MPH)
Batting: RHB Rich Robinson 0-0: Ball
1-0: Fielders Choice at 2nd, 4-6 (Groundball, 4, EV 101.9 MPH)
Batting: LHB Mark Weber 0-0: Foul Ball, location: 2F
0-1: Ball
1-1: Ball
2-1: Called Strike
2-2: SINGLE (Groundball, 34, EV 85.0 MPH) (infield hit)
Rich Robinson to second
Batting: RHB Ron Johnson 0-0: Ball
1-0: Swinging Strike
1-1: Ball
2-1: Called Strike
2-2: Fly out, F9 (Line Drive, 9, EV 89.4 MPH)
Batting: RHB José Negrete 0-0: Foul Ball, location: 2F
0-1: Ball
1-1: Foul Ball, location: 2F
1-2: Foul Ball, location: 2F
1-2: Fielders Choice at 2nd, 5-4 (Groundball, 56, EV 83.8 MPH)
Top of the 2nd over - 0 runs, 2 hits, 0 errors, 2 left on base; Canonniers de Quebec 0 - Flint 1
BOTTOM OF THE 2ND
Flint Crush batting - Pitching for Canonniers de Quebec : LHP Anthony Dixon
Now at 3B: Jon Branch
Batting: RHB Bindu Mongia 0-0: Ball
1-0: Fly out, F8 (Flyball, 8LM, EV 91.2 MPH)
Batting: SHB Barnes Libbinga 0-0: Swinging Strike
0-1: Ball
1-1: Foul Ball, location: 2F
1-2: Strikes out looking
Batting: RHB Corey Joseph 0-0: Foul Ball, location: 2F
0-1: Ball
1-1: Foul Ball, location: 2F
1-2: Ball
2-2: Fly out, F7 (Line Drive, 7D, EV 98.1 MPH)
Bottom of the 2nd over - 0 runs, 0 hits, 0 errors, 0 left on base; Canonniers de Quebec 0 - Flint 1
TOP OF THE 3RD
Canonniers de Quebec batting - Pitching for Flint Crush : RHP Todd Montgomery
Batting: RHB Rodrigo Rojas 0-0: Ball
1-0: Ball
2-0: Foul Ball, location: 2F
2-1: Called Strike
2-2: Foul Ball, location: 2F
2-2: Ball
3-2: Foul Ball, location: 2F
3-2: Strikes out swinging
Batting: RHB Ludwig Mangin 0-0: Foul Ball, location: 2F
0-1: Foul Ball, location: 2F
0-2: Fly out, F7 (Flyball, 7LM, EV 90.0 MPH)
Batting: RHB Manny Costello 0-0: Foul Ball, location: 2F
0-1: Ball
1-1: Foul Ball, location: 2F
1-2: Ground out 5-3 (Groundball, 56, EV 83.1 MPH)
Top of the 3rd over - 0 runs, 0 hits, 0 errors, 0 left on base; Canonniers de Quebec 0 - Flint 1
BOTTOM OF THE 3RD
Flint Crush batting - Pitching for Canonniers de Quebec : LHP Anthony Dixon
Batting: SHB Tom Gray 0-0: Called Strike
0-1: Swinging Strike
0-2: Ball
1-2: Ball
2-2: Foul Ball, location: 2F
2-2: Ball
3-2: Strikes out swinging
Batting: RHB Roy Smith 0-0: Ball
1-0: Swinging Strike
1-1: Ground out 1-3 (Groundball, 34S, EV 83.8 MPH)
Batting: RHB Tony Silva 0-0: Reached on error, E5 (Groundball, 5, EV 91.2 MPH)
Batting: RHB Jason Conway 0-0: Called Strike
0-1: Called Strike
0-2: Fly out, F7 (Flyball, 7LM, EV 103.1 MPH)
Bottom of the 3rd over - 0 runs, 0 hits, 1 error, 1 left on base; Canonniers de Quebec 0 - Flint 1
TOP OF THE 4TH
Canonniers de Quebec batting - Pitching for Flint Crush : RHP Todd Montgomery
Batting: RHB Luis Manuel Pérez 0-0: Ball
1-0: SINGLE (Line Drive, 8LS, EV 101.2 MPH)
Batting: RHB Jon Branch 0-0: Foul Ball, location: 2F
0-1: Ball
1-1: Ball
2-1: Fielders Choice at 2nd, 4-6 (Groundball, 34, EV 86.2 MPH)
Batting: RHB Rich Robinson 0-0: Ball
1-0: Ball
2-0: SINGLE (Groundball, 13S, EV 73.1 MPH) (infield hit)
Jon Branch to second
Batting: LHB Mark Weber 0-0: Ball
1-0: Called Strike
1-1: Ball
2-1: Ball
3-1: Swinging Strike
3-2: Fly out, F4 (Flyball, 4MD, EV 87.5 MPH)
Batting: RHB Ron Johnson 0-0: Called Strike
0-1: Ball
1-1: Ball
2-1: Swinging Strike
2-2: Ball
3-2: SINGLE (Flyball, 34D, EV 87.5 MPH)
Jon Branch to third
Rich Robinson to second
Jon Branch scores
Rich Robinson to third
Batting: RHB José Negrete 0-0: Ball
1-0: Called Strike
1-1: Fly out, F9 (Flyball, 9, EV 95.6 MPH)
Top of the 4th over - 1 run, 3 hits, 0 errors, 2 left on base; Canonniers de Quebec 1 - Flint 1
BOTTOM OF THE 4TH
Flint Crush batting - Pitching for Canonniers de Quebec : LHP Anthony Dixon
Batting: RHB Carlos Núñez 0-0: Fly out, F3 (Popup, 3F, EV 67.5 MPH)
Batting: RHB Aimo Joenlahti 0-0: Swinging Strike
0-1: Swinging Strike
0-2: Ball
1-2: Fly out, F7 (Flyball, 7, EV 94.4 MPH)
Batting: RHB Bindu Mongia 0-0: Foul Ball, location: 2F
0-1: Ball
1-1: Foul Ball, location: 2F
1-2: Foul Ball, location: 2F
1-2: Ball
2-2: Foul Ball, location: 2F
2-2: Foul Ball, location: 2F
2-2: Foul Ball, location: 2F
2-2: Ground out 6-3 (Groundball, 6, EV 79.4 MPH)
Bottom of the 4th over - 0 runs, 0 hits, 0 errors, 0 left on base; Canonniers de Quebec 1 - Flint 1
TOP OF THE 5TH
Canonniers de Quebec batting - Pitching for Flint Crush : RHP Todd Montgomery
Batting: RHB Rodrigo Rojas 0-0: Called Strike
0-1: Ground out 1-3 (Groundball, 13, EV 90.0 MPH)
Batting: RHB Ludwig Mangin 0-0: Ball
1-0: Ball
2-0: Ground out 6-3 (Groundball, 6, EV 84.4 MPH)
Batting: RHB Manny Costello 0-0: Foul Ball, location: 2F
0-1: Foul Ball, location: 2F
0-2: Foul Ball, location: 2F
0-2: Ball
1-2: SINGLE (Groundball, 4D, EV 90.6 MPH) (infield hit)
Batting: RHB Luis Manuel Pérez 0-0: Ball
1-0: Called Strike
1-1: Fly out, F3 (Popup, 23F, EV 83.1 MPH)
Top of the 5th over - 0 runs, 1 hit, 0 errors, 1 left on base; Canonniers de Quebec 1 - Flint 1
BOTTOM OF THE 5TH
Flint Crush batting - Pitching for Canonniers de Quebec : LHP Anthony Dixon
Batting: SHB Barnes Libbinga 0-0: Fly out, F7 (Flyball, 7D, EV 89.4 MPH)
Batting: RHB Corey Joseph 0-0: Called Strike
0-1: Ball
1-1: Foul Ball, location: 2F
1-2: Strikes out looking
Batting: SHB Tom Gray 0-0: Called Strike
0-1: Ball
1-1: Swinging Strike
1-2: SINGLE (Groundball, 6MD, EV 96.2 MPH)
Batting: RHB Roy Smith 0-0: Foul Ball, location: 2F
0-1: Foul Ball, location: 2F
0-2: Ball
1-2: SINGLE (Flyball, 9S, EV 90.0 MPH)
Tom Gray to second
Runner from 2nd tries for 3rd, SAFE, throw by RF made to third
Batting: RHB Tony Silva 0-0: Ground out 5-3 (Groundball, 56S, EV 85.0 MPH)
Bottom of the 5th over - 0 runs, 2 hits, 0 errors, 2 left on base; Canonniers de Quebec 1 - Flint 1
TOP OF THE 6TH
Canonniers de Quebec batting - Pitching for Flint Crush : RHP Todd Montgomery
Batting: RHB Jon Branch 0-0: Foul Ball, location: 2F
0-1: Swinging Strike
0-2: Ground out 6-3 (Groundball, 6, EV 80.0 MPH)
Batting: RHB Rich Robinson 0-0: Called Strike
0-1: Ball
1-1: Ball
2-1: Foul Ball, location: 2F
2-2: Ground out 5-3 (Groundball, 5L, EV 80.6 MPH)
Batting: LHB Mark Weber 0-0: Ball
1-0: Ground out 4-3 (Groundball, 4, EV 80.0 MPH)
Top of the 6th over - 0 runs, 0 hits, 0 errors, 0 left on base; Canonniers de Quebec 1 - Flint 1
BOTTOM OF THE 6TH
Flint Crush batting - Pitching for Canonniers de Quebec : LHP Anthony Dixon
Batting: RHB Jason Conway 0-0: Foul Ball, location: 2F
0-1: Ball
1-1: Ball
2-1: Fly out, F8 (Flyball, 8LM, EV 91.2 MPH)
Batting: RHB Carlos Núñez 0-0: Called Strike
0-1: Swinging Strike
0-2: Strikes out looking
Batting: RHB Aimo Joenlahti 0-0: Called Strike
0-1: Fly out, F8 (Line Drive, 8LM, EV 94.4 MPH)
Bottom of the 6th over - 0 runs, 0 hits, 0 errors, 0 left on base; Canonniers de Quebec 1 - Flint 1
TOP OF THE 7TH
Canonniers de Quebec batting - Pitching for Flint Crush : RHP Todd Montgomery
Batting: RHB Ron Johnson 0-0: Called Strike
0-1: Ball
1-1: Ball
2-1: Ground out 6-3 (Groundball, 6, EV 107.5 MPH)
Pitching: RHP Manny Martínez
Batting: RHB José Negrete 0-0: Swinging Strike
0-1: Called Strike
0-2: Foul Ball, location: 2F
0-2: Strikes out swinging
Batting: RHB Rodrigo Rojas 0-0: Ball
1-0: Foul Ball, location: 2F
1-1: Ball
2-1: Ball
3-1: Called Strike
3-2: Strikes out looking
Top of the 7th over - 0 runs, 0 hits, 0 errors, 0 left on base; Canonniers de Quebec 1 - Flint 1
BOTTOM OF THE 7TH
Flint Crush batting - Pitching for Canonniers de Quebec : LHP Anthony Dixon
Batting: RHB Bindu Mongia 0-0: Called Strike
0-1: Called Strike
0-2: Foul Ball, location: 2F
0-2: Ball
1-2: Ball
2-2: DOUBLE (Groundball, 5L, EV 102.5 MPH)
Batting: SHB Barnes Libbinga 0-0: Ball
1-0: Ball
2-0: Ball
3-0: Base on Balls
Batting: RHB Corey Joseph 0-0: SINGLE (Groundball, 6M, EV 102.5 MPH) (infield hit)
Bindu Mongia to third
Barnes Libbinga to second
Batting: SHB Tom Gray 0-0: Called Strike
0-1: Foul Ball, location: 2F
0-2: Ball
1-2: Foul Ball, location: 2F
1-2: Ball
2-2: Strikes out looking
Batting: RHB Roy Smith 0-0: Ball
1-0: Fly out, F8 (Flyball, 8LD, EV 100.0 MPH)
Runner from 3rd tags up, SCORES, throw by CF
Barnes Libbinga to third
Batting: RHB Tony Silva 0-0: Called Strike
0-1: Ball
1-1: Foul Ball, location: 2F
1-2: Foul Ball, location: 2F
1-2: Ball
2-2: Fly out, F7 (Line Drive, 7, EV 92.5 MPH)
Bottom of the 7th over - 1 run, 2 hits, 0 errors, 2 left on base; Canonniers de Quebec 1 - Flint 2
TOP OF THE 8TH
Canonniers de Quebec batting - Pitching for Flint Crush : RHP Manny Martínez
Batting: RHB Ludwig Mangin 0-0: Ball
1-0: Fly out, F7 (Flyball, 7LM, EV 86.9 MPH)
Batting: RHB Manny Costello 0-0: Called Strike
0-1: Foul Ball, location: 2F
0-2: Ball
1-2: Fly out, F3 (Popup, 23F, EV 81.9 MPH)
Batting: RHB Luis Manuel Pérez 0-0: Foul Ball, location: 2F
0-1: Ball
1-1: Ball
2-1: Foul Ball, location: 2F
2-2: Strikes out swinging
Top of the 8th over - 0 runs, 0 hits, 0 errors, 0 left on base; Canonniers de Quebec 1 - Flint 2
BOTTOM OF THE 8TH
Flint Crush batting - Pitching for Canonniers de Quebec : LHP Anthony Dixon
Batting: RHB Jason Conway 0-0: Fly out, F6 (Line Drive, 6, EV 68.1 MPH)
Batting: RHB Carlos Núñez 0-0: SINGLE (Groundball, 56D, EV 100.0 MPH)
Pitching: RHP Mark Godfrey
Batting: RHB Aimo Joenlahti 0-0: Ball
Carlos Núñez steals 2nd base (no throw)
1-0: Ball
2-0: Fly out, F9 (Flyball, 9LM, EV 85.0 MPH)
Batting: RHB Bindu Mongia 0-0: Ball
1-0: Ball
2-0: Ball
3-0: Called Strike
3-1: Base on Balls
Batting: SHB Barnes Libbinga 0-0: Ground out 4-3 (Groundball, 4, EV 81.9 MPH)
Bottom of the 8th over - 0 runs, 1 hit, 0 errors, 2 left on base; Canonniers de Quebec 1 - Flint 2
TOP OF THE 9TH
Canonniers de Quebec batting - Pitching for Flint Crush : RHP Manny Martínez
Pinch Hitting: RHB Juan Cortéz 0-0: Called Strike
0-1: Ball
1-1: Called Strike
1-2: Ball
2-2: Ball
3-2: Strikes out swinging
Batting: RHB Rich Robinson 0-0: SINGLE (Groundball, 4M, EV 78.8 MPH) (infield hit)
Batting: LHB Mark Weber 0-0: Foul Ball, location: 2F
0-1: DOUBLE (Line Drive, 8LXD, EV 101.9 MPH)
Rich Robinson to third
Pinch Hitting: RHB Cam Lloyd 0-0: Intentional Walk
Pinch Hitting: LHB Jason Longoria 0-0: Foul Ball, location: 2F
0-1: Swinging Strike
0-2: Ball
1-2: Strikes out swinging
Pinch Hitting: RHB Gael Kerwin 0-0: Called Strike
0-1: Ball
1-1: Swinging Strike
1-2: Foul Ball, location: 2F
1-2: Ball
2-2: Foul Ball, location: 2F
2-2: Ball
3-2: Fly out, F9 (Flyball, 9D, EV 107.5 MPH)
Top of the 9th over - 0 runs, 2 hits, 0 errors, 3 left on base; Canonniers de Quebec 1 - Flint 2
Friday, March 26th, 2021 - OOTP Baseball 20.8 Build 74